 Dungeon Crawl Stone Soup version 0.26.1-11-gd32895ea62 (webtiles) character file.

Game seed: 2848163157195457193

12 Hamster52 the Caller (level 2, -19/19 HPs)
             Began as a Demonspawn Summoner on May 12, 2021.
             Demolished by a two-headed ogre
             ... wielding a +0 giant spiked club
              (38 damage)
             ... on level 3 of the Dungeon.
             The game lasted 00:06:39 (1144 turns).

Hamster52 the Caller (Demonspawn Summoner)          Turns: 1144, Time: 00:06:39

Health: -19/19     AC:  3    Str:  8    XL:     2   Next: 20%
Magic:  2/5        EV: 11    Int: 16    God:
Gold:   129        SH:  0    Dex: 13    Spells: 2/5 levels left

rFire    . . .     SeeInvis .   b - +0 spear
rCold    . . .     Faith    .   (no shield)
rNeg     . . .     Spirit   .   c - +0 leather armour
rPois    .         Reflect  .   (no helmet)
rElec    .         Harm     .   (no cloak)
rCorr    .         Rampage  .   (no gloves)
Will     .....                  (no boots)
Stlth    ++........             (no amulet)
HPRegen  0.06/turn              (no ring)
MPRegen  0.09/turn              (no ring)

@: no status effects
A: powered by death 1
a: no special abilities


You were on level 3 of the Dungeon.
You visited 1 branch of the dungeon, and saw 3 of its levels.

You collected 129 gold pieces.

Inventory:

Hand Weapons
 b - a +0 spear (weapon)
 j - a +0 hunting sling
 k - a +0 hand axe
Missiles
 f - 11 arrows
 m - 117 stones
Armour
 c - a +0 leather armour (worn)
 l - a +0 robe
Scrolls
 e - a scroll of remove curse
 i - a scroll of teleportation


   Skills:
 + Level 1.8 Dodging
 + Level 1.9 Stealth
 + Level 2.1 Spellcasting
 + Level 4.3 Summonings


You had 2 spell levels left.
You knew the following spells:

 Your Spells              Type           Power        Failure   Level
a - Summon Small Mammal   Summ           60%          4%          1
b - Call Imp              Summ           15%          8%          2

Your spell library contained the following spells:

 Spells                   Type           Power        Failure   Level
 Call Canine Familiar     Summ           15%          14%         3
 Summon Guardian Golem    Hex/Summ       8%           36%         3
 Summon Ice Beast         Ice/Summ       8%           77%         4
 Summon Lightning Spire   Summ/Air       8%           77%         4


Dungeon Overview and Level Annotations

Branches:
Dungeon (3/15)

Altars:


Innate Abilities, Weirdness & Mutations

You regenerate a little health from kills.


Message History

You miss the adder. The adder closely misses you.
Your crimson imp blinks!
You hit the adder.
The adder is moderately wounded.
The adder bites you. The adder closely misses you.
Casting: Call Imp (safe; 8% risk of failure)
Confirm with . or Enter, or press ? or * to list all spells.
A beastly little devil appears in a puff of flame.
The adder closely misses you.
Your crimson imp misses the adder.
You barely miss the adder.
The adder is moderately wounded.
The adder bites you.
Your crimson imp blinks!
You hit the two-headed ogre.
The two-headed ogre is lightly wounded.
A quokka comes into view.
It was a potion of heal wounds.
You feel much better.
The two-headed ogre hits you with a +0 giant spiked club!!!
Ouch! That really hurt!
You die...

# #. #......# ##
#......##########
######.#........#
#.#........#
########.#........#
#.................#
#..........)......#
#......5...########
#......@5ยง.#
########O### #S#
#.# #######.###
..........#
#######.#"# #.#.#
... .


You could see a two-headed ogre, an adder and 2 friendly crimson imps.

Vanquished Creatures
  A leopard gecko (D:1)
  2 goblins
  A bat (D:3)
  4 kobolds
8 creatures vanquished.

Vanquished Creatures (collateral kills)
  A hobgoblin (D:1)
  3 bats
  A frilled lizard (D:1)
  A rat (D:1)
6 creatures vanquished.

Grand Total: 14 creatures vanquished

Notes
Turn   | Place    | Note
-------+----------+-------------------------------------------
     0 | D:1      | Hamster52 the Demonspawn Summoner began the quest for the
                  | Orb.
     0 | D:1      | Reached XP level 1. HP: 13/13 MP: 3/3
   568 | D:1      | Gained mutation: You regenerate a little health from kills.
                  | [demonic ancestry]
   568 | D:1      | Reached XP level 2. HP: 15/19 MP: 5/5
   944 | D:2      | You fall into a shaft and drop 1 floor!
   960 | D:3      | Learned a level 2 spell: Call Imp
  1129 | D:3      | Noticed a two-headed ogre
  1144 | D:3      | Demolished by a two-headed ogre

Illustrated notes

Levels and vault maps discovered:
D:1:      lightli_arrival_statuegarden, layout_basic, serial_bayou_lake_a
D:2:      layout_basic, lemuel_zombie_altar_yredelemnul, uniq_robin
D:3:      layout_basic, old_standard_altar, cheibrodos_ashenzari_chains

Action                   || total
-------------------------++-------
Melee: Spear             ||    31
       Unarmed           ||    10
 Cast: Summon Small Mamm ||    10
       Call Imp          ||     2
  Use: Scroll            ||     3
       Potion            ||     2
 Stab: Sleeping          ||     1
Armor: Robe              ||     8
       Leather armour    ||    17
Dodge: Dodged            ||    38
